 Dungeon Crawl Stone Soup version 0.27-a0-29-g2d0a2396b0 (webtiles) character file.

Game seed: 17657820787245472100

160 hehateme the Conjurer (level 5, -2/31 HPs)
             Began as a Kobold Hedge Wizard on Jan 4, 2021.
             Was an Initiate of Gozag.
             Killed by nerve-wracking pain
             ... invoked by an orc priest
              (12 damage)
             ... on level 3 of the Dungeon.
             The game lasted 00:06:05 (4229 turns).

hehateme the Conjurer (Kobold Hedge Wizard)         Turns: 4229, Time: 00:06:06

Health: -2/31      AC:  3    Str:  8    XL:     5   Next: 69%
Magic:  6/9        EV: 12    Int: 16    God:    Gozag
Gold:   175        SH:  0    Dex: 14    Spells: 7/10 levels left

rFire    . . .     SeeInvis .   q - +1 dagger (vamp)
rCold    . . .     Faith    .   (shield restricted)
rNeg     . . .     Spirit   .   b - +0 robe
rPois    .         Reflect  .   t - +0 helmet
rElec    .         Harm     .   (no cloak)
rCorr    .         Rampage  .   (no gloves)
Will     .....                  (no boots)
Stlth    +++.......             (no amulet)
HPRegen  0.10/turn              (no ring)
MPRegen  0.11/turn              (no ring)

@: very slightly contaminated, constricted
A: small, nightstalker 3
a: Renounce Religion, Potion Petition, Call Merchant, Bribe Branch


You were on level 3 of the Dungeon.
You worshipped Gozag.
Gozag was aware of your devotion.
You visited 1 branch of the dungeon, and saw 3 of its levels.

You collected 232 gold pieces.
You paid 57 gold pieces to Gozag.

Inventory:

Hand Weapons
 a - a +0 dagger
 k - a +0 dagger of holy wrath
 q - a +1 vampiric dagger (weapon)
Missiles
 j - 45 poisoned darts
 u - 152 stones
 Q - 40 arrows
Armour
 b - a +0 robe (worn)
 c - a +0 hat
 r - a +0 hat
 t - a +0 helmet (worn)
 x - a +0 cloak
Jewellery
 l - an uncursed ring of magical power {unknown}
 n - an uncursed ring of protection from cold {unknown}
Wands
 f - a wand of flame (18)
 w - a wand of paralysis (8)
Scrolls
 d - a scroll of enchant weapon {unknown}
 h - 2 scrolls of remove curse {unknown}
 o - a scroll of magic mapping {unknown}
 y - a scroll of immolation {unknown}
 z - 8 scrolls of identify {unknown}
Potions
 e - 2 potions of curing {unknown}
 g - a potion of lignification {unknown}
 i - a potion of cancellation {unknown}
 m - a potion of attraction {unknown}
 p - a potion of might {unknown}
 s - 2 potions of flight {unknown}
 v - a potion of degeneration {unknown}


   Skills:
 + Level 2.3 Fighting
 + Level 2.7 Short Blades
 - Level 2.4 Dodging
 - Level 2.6 Stealth
 - Level 3.2 Spellcasting
 * Level 3.4 Conjurations
 + Level 1.8 Summonings
 - Level 1.0 Translocations


You had 7 spell levels left.
You knew the following spells:

 Your Spells              Type           Power        Failure   Level
a - Magic Dart            Conj           52%          4%          1
c - Call Imp              Summ           8%           13%         2

Your spell library contained the following spells:

 Spells                   Type           Power        Failure   Level
 Blink                    Tloc           N/A          19%         2
 Conjure Flame            Conj/Fire      8%           26%         3
 Slow                     Hex            2%           28%         2
 Mephitic Cloud           Conj/Pois/Air  6%           34%         3


Dungeon Overview and Level Annotations

Branches:
Dungeon (3/15)

Altars:
Dithmenos
Gozag
Vehumet
Wu Jian
Xom

Annotations:
D:2 exclusion: Natasha
D:3 exclusions: hobgoblin, 4 jackals and orc priest


Innate Abilities, Weirdness & Mutations

You are small and have problems with some larger weapons.
You are completely attuned to the shadows.


Message History

You take 4 damage, and have 24/31 hp.
You closely miss the orc priest. The orc priest closely misses you.
The ball python misses you. The ball python barely misses you.
The orc hits you with a +0 hand axe.
You take 6 damage, and have 18/31 hp.
You hit the orc priest but do no damage.
The ball python closely misses you. The ball python completely misses you.
The orc priest hits you with a +0 hand axe.
* * * LOW HITPOINT WARNING * * *
The orc hits you but does no damage.
You take 6 damage, and have 12/31 hp.
You completely miss the orc priest. The ball python bites you.
* * * LOW HITPOINT WARNING * * *
The ball python grabs you.
* * * LOW HITPOINT WARNING * * *
The ball python constricts you.
The orc priest invokes the aid of Beogh against you.
Pain shoots through your body!
You die...
Your body crumbles into a pile of gold.

#.########..# #.########..#
######.##........#
#######................#
#.....#.####.##........#
#.###...####.##........#
######.###......#.####.#.#..#
.........#...S..#. #.#.#..#
######.#.#..@o.... #.#.....
..........o$..#. #.###...
.###.#####....# #.#.....
#..........# #.#.#### #.
#.#####....# #....... ..###.#
o....#....# ......#
####.####.# ......#
#########.# r# ......#####
#.........## h.

Skill      XL: |  1  2  3  4 |
---------------+-------------+-----
Short Blades   | 1 2 |  2.7
Fighting       | 1 2 |  2.3
Conjurations   | 2 3 |  3.4
Dodging        | |  2.4
Stealth        | |  2.6
Spellcasting   | |  3.2
Summonings     | |  1.8
Translocations | |  1.0

Notes
Turn   | Place    | Note
-------+----------+-------------------------------------------
     0 | D:1      | hehateme the Kobold Hedge Wizard began the quest for the
                  | Orb.
     0 | D:1      | Reached XP level 1. HP: 10/10 MP: 4/4
   130 | D:1      | Reached XP level 2. HP: 14/16 MP: 1/6
   258 | D:1      | Reached skill level 1 in Short Blades
   326 | D:1      | Reached skill level 1 in Fighting
   515 | D:1      | HP: 4/16 [jackal (2)]
   519 | D:1      | Reached skill level 2 in Conjurations
   525 | D:1      | HP: 2/16 [jackal (3)]
   527 | D:1      | Reached XP level 3. HP: 2/20 MP: 0/7
   579 | D:1      | HP: 4/20 [goblin (1)]
  1753 | D:2      | Learned a level 2 spell: Call Imp
  1895 | D:2      | Reached XP level 4. HP: 10/25 MP: 0/8
  2130 | D:2      | Noticed Natasha
  2143 | D:2      | Reached skill level 2 in Short Blades
  2188 | D:2      | HP: 6/26 [Natasha/magic dart (9)]
  2191 | D:2      | Killed Natasha
  2726 | D:2      | Found a faded altar of an unknown god.
  2886 | D:2      | Noticed Natasha
  2897 | D:2      | Killed Natasha
  3013 | D:3      | Reached skill level 3 in Conjurations
  3204 | D:3      | Reached skill level 2 in Fighting
  3267 | D:3      | Reached XP level 5. HP: 30/30 MP: 4/9
  3369 | D:3      | Found a shadowy altar of Dithmenos.
  3457 | D:3      | Found an ornate altar of the Wu Jian Council.
  3457 | D:3      | Found an opulent altar of Gozag.
  3469 | D:3      | Found a radiant altar of Vehumet.
  3470 | D:3      | Became a worshipper of Gozag Ym Sagoz the Greedy
  3523 | D:3      | Found a shimmering altar of Xom.
  3762 | D:2      | Noticed Natasha
  3769 | D:2      | Killed Natasha
  4229 | D:3      | Killed from afar by an orc priest

Table legend: (Time is in decaauts)
 A = Elapsed time spent in this place.
 B = Non-inter-level travel time spent in this place.
 C = Inter-level travel time spent in this place.
 D = Time resting spent in this place.
 E = Time spent auto-exploring this place.
 F = Levels seen in this place.
 G = Mean time per level.
                   A        B        C        D        E       F      G
               +--------+--------+--------+--------+--------+-----+--------+
         Total |   4242 |   4166 |     76 |   1312 |   2316 |   3 | 1414.0 |
       Dungeon |   4242 |   4166 |     76 |   1312 |   2316 |   3 | 1414.0 |
               +--------+--------+--------+--------+--------+-----+--------+

Top non-repeatable levels by time:
     D:2: 1928 daAuts
     D:1: 1220 daAuts
     D:3: 1094 daAuts

Table legend:
 A = Kills in this place as a percentage of kills in entire the game.
 B = Kills by you in this place as a percentage of kills by you in the entire game.
 C = Kills by friends in this place as a percentage of kills by friends in the entire game.
 D = Other kills in this place as a percentage of other kills in the entire game.
 E = Experience gained in this place as a percentage of experience gained in the entire game.
 F = Experience gained in this place divided by the number of levels of this place that you have seen.
                   A       B       C       D       E      F
               +-------+-------+-------+-------+-------+----------------------
         Total | 100.0 | 100.0 | 100.0 |   N/A | 100.0 |  76.3
       Dungeon | 100.0 | 100.0 | 100.0 |   N/A | 100.0 |  76.3
               +-------+-------+-------+-------+-------+----------------------

Action                   |  1- 3 |  4- 6 || total
-------------------------+-------+-------++-------
Melee: Dagger            |    55 |    64 ||   119
 Cast: Magic Dart        |    62 |    26 ||    88
       Call Imp          |       |    15 ||    15
 Stab: Sleeping          |     1 |       ||     1
       Distracted        |       |     1 ||     1
Armor: Robe              |    13 |     7 ||    20
Dodge: Dodged            |    56 |    44 ||   100

Vanquished Creatures
  5 adders
  A worm (D:3)
  A dart slug (D:3)
  A leopard gecko (D:1)
  An orc (D:3)
  8 bats
  2 giant cockroaches (D:1)
  7 goblins
  2 hobgoblins (D:1)
  3 jackals (D:1)
  A quokka (D:2)
  2 ball pythons
  5 kobolds
  4 rats
43 creatures vanquished.

Vanquished Creatures (collateral kills)
  An orc wizard (D:2)
  Natasha (thrice) (D:2)
  An adder (D:3)
5 creatures vanquished.

Grand Total: 48 creatures vanquished You could see an orc priest, an orc and a ball python.

Levels and vault maps discovered:
D:1:      dpeg_arrival_simpleton_c, layout_rooms, kennysheep_doodads
D:2:      layout_loops_ring, chequers_ecumenical_altar_island, uniq_natasha
D:3:      layout_basic, grunt_temple_overflow_open, st_stairs_13,
          minmay_misc_feat_nine_boxes, nicolae_dithmenos_shadow_blocks
